 Dungeon Crawl Stone Soup version 0.29.0-4-gdea44cf6ec (webtiles) character file.

Game seed: 12527171401097941985

322 qw the Chopper (level 6, -4/35 HPs)
             Began as a Tengu Warper on Aug 28, 2022.
             Slain by a gnoll
             ... wielding a +0 flail
              (5 damage)
             ... on level 5 of the Dungeon.
             The game lasted 00:00:23 (3977 turns).

qw the Chopper (Tengu Warper)                       Turns: 3977, Time: 00:00:24

Health: -4/35      AC:  9    Str: 14    XL:     6   Next: 47%
Magic:  10/10      EV:  7    Int: 13    God:
Gold:   180        SH:  0    Dex: 13    Spells: 9/9 levels left

rFire   . . .      SeeInvis .   b - +0 war axe (flame)
rCold   . . .      Faith    .   (no shield)
rNeg    . . .      Spirit   .   j - +0 chain mail
rPois   .          Reflect  .   (helmet restricted)
rElec   .          Harm     .   f - +0 cloak
rCorr   .          Rampage  .   (no gloves)
Will    .....                   (boots unavailable)
Stlth   ..........              (no amulet)
HPRegen 0.11/turn               (no ring)
MPRegen 0.12/turn               (no ring)

@: about to teleport, flying quickly and evasively, quick
A: beak, talons 3, nimble flight
a: no special abilities


You were on level 5 of the Dungeon.
You visited 1 branch of the dungeon, and saw 5 of its levels.

You collected 180 gold pieces.


Innate Abilities, Weirdness & Mutations

You have a beak for a mouth.
You have claws for feet.
Your magical nature lets you fly swiftly and evasively.


   Skills:
 + Level 2.1 Fighting
 - Level 7.0 Axes
 - Level 1.0 Throwing
 - Level 2.1 Armour
 - Level 2.1 Dodging
 - Level 2.0 Spellcasting
 - Level 2.4 Translocations


You had 9 spell levels left.
You didn't know any spells.
Your spell library contained the following spells:

 Spells                   Type           Power      Damage    Failure   Level
 Blink                    Tloc           14%        N/A       98%         2
 Gell's Gravitas          Tloc           7%         N/A       100%        3
 Lesser Beckoning         Tloc           7%         N/A       100%        3
 Teleport Other           Tloc           7%         N/A       100%        3
 Manifold Assault         Tloc           7%         N/A       100%        5

Inventory:

Hand Weapons
 b - a +0 war axe of flaming (weapon)
Missiles
 c - 5 boomerangs (quivered)
Armour
 f - a +0 cloak (worn)
 j - a +0 chain mail (worn)
Potions
 d - a potion of degeneration {unknown}
 e - a potion of mutation {unknown}
 g - a potion of curing
 h - a potion of might
 l - a potion of brilliance {unknown}

Dungeon Overview and Level Annotations

Branches:
Dungeon (5/15)
 Temple: D:4-7

Altars:
Sif Muna
Vehumet

Annotations:
D:4 3 runed translucent doors, qw's ghost, amateur TeWr


Message History

You hit the gnoll. You burn the gnoll. You peck the gnoll.
The gnoll is almost dead.
The gnoll hits you with a +0 club!
An orc wizard comes into view. It is wielding a +0 dagger.
You closely miss the gnoll. Your kick misses the gnoll.
The gnoll is almost dead.
The gnoll hits you with a +0 club.
You hit the gnoll. You burn the gnoll.
You kill the gnoll!
An orc comes into view. It is wielding a +0 club.
Your Armour skill increases to level 2!
You closely miss the orc.
The orc shouts!
You peck the orc, but do no damage. The orc barely misses you.
You hit the orc. You burn the orc. Your kick misses the orc.
The orc is moderately wounded.
An orc comes into view. It is wielding a +0 dagger.
The orc closely misses you.
You hit the orc but do no damage. You claw the orc.
You kill the orc!
You hit the gnoll but do no damage. Your peck misses the gnoll.
The gnoll hits you but does no damage.
You closely miss the gnoll. You claw the gnoll.
The gnoll is heavily wounded.
The gnoll closely misses you.
The orc wizard casts a spell.
The orc wizard flickers and vanishes!
Deactivating autopickup; reactivate with Ctrl-A.
You hit the gnoll but do no damage.
The gnoll is heavily wounded.
The gnoll barely misses you. The gnoll hits you with a +0 flail.
3976 ||| READING scroll of teleportation.
As you read the scroll of teleportation, it crumbles to dust.
You feel strangely unstable. The gnoll hits you with a +0 flail!
You hit the gnoll but do no damage. Your peck misses the gnoll.
The gnoll is heavily wounded.
The gnoll hits you with a +0 flail.
You die...

# #.
##.#.######
.........<#
..##.#..###.#
#.##.....#
#....#.###
####@#..# #g#
..#


o{o .... ).o.. .### ......... ........# ########## You could see a gnoll and 3
orcs.

Vanquished Creatures
  2 hounds
  An iguana (D:5)
  An orc wizard (D:4)
  5 gnolls
  6 adders
  2 worms (D:3)
  7 dart slugs
  9 orcs
  7 ball pythons
  4 endoplasms
  3 giant cockroaches
  5 goblins
  7 hobgoblins
  3 jackals (D:1)
  A quokka (D:1)
  7 bats
  7 frilled lizards
  7 kobolds
  4 rats
88 creatures vanquished.

Notes
Turn   | Place    | Note
-------+----------+-------------------------------------------
     0 | D:1      | qw the Tengu Warper began the quest for the Orb.
     0 | D:1      | Reached XP level 1. HP: 12/12 MP: 4/4
     0 | D:1      | 0 ||| qw: Version: 0.1-a-89-g26bdef1
     0 | D:1      | 0 ||| qw: Game counter: 1745
     0 | D:1      | 0 ||| qw: Always use a shield: true
     0 | D:1      | 0 ||| qw: God list: Okawaru
     0 | D:1      | 0 ||| qw: Allow faded altars: false
     0 | D:1      | 0 ||| qw: Do Orc after D:15 true
     0 | D:1      | 0 ||| qw: Do second Lair branch before Depths: true
     0 | D:1      | 0 ||| qw: Lair rune preference: random
     0 | D:1      | 0 ||| qw: Plans: Normal
     0 | D:1      | 0 ||| PLANNING D:1-11
    73 | D:1      | 73 ||| Stepping ~*~*~tactically~*~*~ (stealth).
   107 | D:1      | Reached XP level 2. HP: 14/17 MP: 6/6
   111 | D:1      | 111 ||| Stepping ~*~*~tactically~*~*~ (stealth).
   117 | D:1      | Reached skill level 3 in Axes
   176 | D:1      | 176 ||| Stepping ~*~*~tactically~*~*~ (stealth).
   297 | D:1      | 297 ||| Stepping ~*~*~tactically~*~*~ (hiding).
   403 | D:1      | 403 ||| Stepping ~*~*~tactically~*~*~ (hiding).
   405 | D:1      | 405 ||| Stepping ~*~*~tactically~*~*~ (hiding).
   413 | D:1      | Reached XP level 3. HP: 21/21 MP: 7/7
   533 | D:1      | 533 ||| DROPPING +0 club.
   555 | D:1      | Reached skill level 4 in Axes
   559 | D:1      | 559 ||| Stepping ~*~*~tactically~*~*~ (stealth).
   599 | D:1      | 599 ||| Stepping ~*~*~tactically~*~*~ (stealth).
   601 | D:1      | 601 ||| Stepping ~*~*~tactically~*~*~ (stealth).
   602 | D:1      | 602 ||| Stepping ~*~*~tactically~*~*~ (stealth).
   972 | D:1      | 972 ||| UPGRADING to +0 cloak.
   977 | D:1      | 977 ||| UPGRADING to +0 ring mail.
   987 | D:1      | 987 ||| DROPPING +0 leather armour.
   988 | D:1      | 988 ||| READING scroll labelled ZOXKEITEYN.
   989 | D:1      | 989 ||| READING scroll labelled CIJOAL BYALITEWORU.
   990 | D:1      | 990 ||| DROPPING scroll of blinking.
  1155 | D:2      | 1155 ||| Stepping ~*~*~tactically~*~*~ (stealth).
  1168 | D:2      | 1168 ||| Stepping ~*~*~tactically~*~*~ (stealth).
  1173 | D:2      | Reached XP level 4. HP: 22/26 MP: 8/8
  1399 | D:2      | 1399 ||| Stepping ~*~*~tactically~*~*~ (stealth).
  1401 | D:2      | 1401 ||| Stepping ~*~*~tactically~*~*~ (hiding).
  1418 | D:2      | Reached skill level 5 in Axes
  1422 | D:2      | 1422 ||| Stepping ~*~*~tactically~*~*~ (stealth).
  1800 | D:2      | 1800 ||| READING scroll labelled SAGOYG IFAIR.
  1801 | D:2      | 1801 ||| READING scroll labelled TUVETTONYMA.
  1802 | D:2      | 1802 ||| DRINKING 2 red potions.
  1829 | D:3      | Found a faded altar of an unknown god.
  2012 | D:3      | 2012 ||| Stepping ~*~*~tactically~*~*~ (hiding).
  2269 | D:3      | Gained mutation: Your magical nature lets you fly swiftly
                  | and evasively. [Tengu growth]
  2269 | D:3      | Reached XP level 5. HP: 30/30 MP: 9/9
  2604 | D:3      | 2604 ||| READING 2 scrolls labelled RADAPIU DO TOL.
  2607 | D:3      | 2607 ||| DRINKING 2 clear potions.
  2608 | D:3      | 2608 ||| DRINKING 2 blue potions.
  2709 | D:3      | 2709 ||| DRINKING 2 ruby potions.
  2710 | D:3      | 2710 ||| DRINKING 3 fuming clear potions.
  2814 | D:3      | 2814 ||| DROPPING potion of attraction.
  2815 | D:3      | 2815 ||| DROPPING potion of ambrosia.
  2816 | D:3      | 2816 ||| DROPPING 2 potions of berserk rage.
  2840 | D:4      | 2840 ||| STAIRDANCE
  2877 | D:3      | 2877 ||| SWAPPING to +0 war axe.
  2878 | D:3      | 2878 ||| DROPPING +0 hand axe of freezing.
  2882 | D:4      | 2882 ||| STAIRDANCE
  2890 | D:3      | Reached skill level 6 in Axes
  2944 | D:4      | 2944 ||| READING scroll of brand weapon.
  2944 | D:4      | 2944 ||| BRANDING +0 war axe.
  2945 | D:4      | 2945 ||| DROPPING +0 whip.
  3180 | D:4      | Reached XP level 6. HP: 35/35 MP: 10/10
  3385 | D:4      | Reached skill level 7 in Axes
  3405 | D:4      | Found a runed translucent gate.
  3405 | D:4      | Found a runed translucent gate.
  3405 | D:4      | Found a runed translucent gate.
  3406 | D:4      | Noticed qw's ghost (amateur TeWr)
  3406 | D:4      | Noticed qw's ghost (amateur TeWr)
  3407 | D:4      | Noticed qw's ghost (amateur TeWr)
  3407 | D:4      | Noticed qw's ghost (amateur TeWr)
  3650 | D:4      | 3650 ||| Stepping ~*~*~tactically~*~*~ (hiding).
  3774 | D:4      | Found a radiant altar of Vehumet.
  3775 | D:4      | Found a shimmering blue altar of Sif Muna.
  3907 | D:4      | 3907 ||| UPGRADING to +0 scale mail.
  3917 | D:4      | 3917 ||| UPGRADING to +0 chain mail.
  3927 | D:4      | 3927 ||| DROPPING +0 scale mail.
  3928 | D:4      | 3928 ||| DROPPING +0 ring mail.
  3942 | D:5      | Entered Level 5 of the Dungeon
  3950 | D:5      | 3950 ||| Stepping ~*~*~tactically~*~*~ (stealth).
  3952 | D:5      | 3952 ||| Stepping ~*~*~tactically~*~*~ (hiding).
  3975 | D:5      | HP: 8/35 [gnoll/+0 flail (1)]
  3976 | D:5      | 3976 ||| READING scroll of teleportation.
  3976 | D:5      | HP: 1/35 [gnoll/+0 flail (8)]
  3977 | D:5      | Slain by a gnoll

Levels and vault maps discovered:
D:1:      dpeg_arrival_rooms_with_view, layout_rooms, grunt_decor_arrowhead
D:2:      layout_basic
D:3:      layout_rooms, shapermc_ecumenical_altar_totnotflames
D:4:      layout_basic, minitemple, gammafunk_ghost_cemetery
D:5:      layout_basic

Skill      XL: |  1  2  3  4  5  6 |
---------------+-------------------+-----
Axes           | 3 4 5 6 7 |  7.0
Armour         | 2 |  2.1
Fighting       | |  2.1
Throwing       | |  1.0
Dodging        | |  2.1
Spellcasting   | |  2.0
Translocations | |  2.4

Action                   |  1- 3 |  4- 6 || total
-------------------------+-------+-------++-------
Melee: Hand axe          |    72 |    71 ||   143
       Kick              |    14 |    33 ||    47
       Peck              |    11 |    15 ||    26
       Punch             |     1 |       ||     1
       War axe           |       |    57 ||    57
Throw: Boomerang         |    58 |    29 ||    87
  Use: Scroll            |     2 |     5 ||     7
       Potion            |       |     5 ||     5
Armor: Leather armour    |    13 |       ||    13
       Ring mail         |    13 |    22 ||    35
       Chain mail        |       |     2 ||     2
Dodge: Dodged            |    38 |    63 ||   101

Table legend:
 A = Non-vault XP
 B = Vault XP
 C = Vault XP percentage of total XP
 D = Non-vault monster count
 E = Vault monster count
 F = Vault count percentage of total count
                 A         B        C        D         E       F
            +---------+---------+-------+---------+---------+-------
      Total |     456 |       4 |   0.9 |      86 |       2 |   2.3
            +---------+---------+-------+---------+---------+-------
        D:1 |      53 |       4 |   7.0 |      30 |       2 |   6.2
        D:2 |      88 |       0 |   0.0 |      21 |       0 |   0.0
        D:3 |      89 |       0 |   0.0 |      16 |       0 |   0.0
        D:4 |     158 |       0 |   0.0 |      15 |       0 |   0.0
        D:5 |      68 |       0 |   0.0 |       4 |       0 |   0.0
            +---------+---------+-------+---------+---------+-------
